 Dungeon Crawl Stone Soup version 0.18.1-48-g4cf74bf (webtiles) character file.

79 BabyRage the Vandal (level 4, -1/42 HPs)
             Began as a Naga Hunter on July 23, 2016.
             Slain by a kobold
             ... wielding a +0 short sword
              (7 damage)
             ... on level 2 of the Dungeon.
             The game lasted 00:03:32 (1551 turns).

BabyRage the Vandal (Naga Hunter)                   Turns: 1551, Time: 00:03:32

Health: -1/42      AC:  2    Str: 14    XL:     4   Next: 38%
Magic:  4/4        EV:  9    Int: 11    God:
Gold:   74         SH:  0    Dex: 13    Spells: 0 memorised, 3 levels left

rFire  . . .     SeeInvis +     h - +2 whip (flame)
rCold  . . .     Gourm    .     c - +0 leather armour
rNeg   . . .     Faith    .     (no shield)
rPois  +         Spirit   .     (no helmet)
rElec  .         Dismiss  .     (no cloak)
rCorr  .         Reflect  .     (no gloves)
SustAt .         Harm     .     (no barding)
MR     .....                    (no amulet)
Stlth  ++........               (no ring)
                                (no ring)

@: very slow, not resistant to hostile enchantments, unstealthy
A: see invisible, deformed body, poison resistance, slowness 2, slow metabolism
1, spit poison 2, AC +1
a: Spit Poison


You were on level 2 of the Dungeon.
You were hungry.

You visited 1 branch of the dungeon, and saw 2 of its levels.

You collected 74 gold pieces.

Inventory:

Hand Weapons
 a - a +1 hunting sling
 h - a +2 whip of flaming (weapon)
Missiles
 d - 18 sling bullets
 i - 93 stones (quivered)
Armour
 c - a +0 leather armour (worn)
Scrolls
 k - a scroll of fog {unknown}
Potions
 e - a potion of heal wounds {unknown}
 g - a potion of brilliance {unknown}
 j - 2 potions of cure mutation
 l - 2 potions of curing
Comestibles
 f - 2 bread rations
 m - a slice of pizza
 n - a beef jerky


   Skills:
 + Level 3.1 Fighting
 * Level 2.2 Maces & Flails
 - Level 4.0 Slings
 - Level 1.5 Dodging
 - Level 1.5 Stealth


You had 3 spell levels left.
You didn't know any spells.

Dungeon Overview and Level Annotations

Branches:
Dungeon (2/15)

Altars:
Elyvilon


Innate Abilities, Weirdness & Mutations

You cannot wear boots.
Your serpentine skin is tough (AC +1).
You have supernaturally acute eyesight.
Armour fits poorly on your strangely shaped body.
Your system is resistant to poisons.
You cover ground very slowly.
You have a slow metabolism.
You can spit poison.


Message History

You hit the kobold but do no damage. The kobold hits you with a short sword.
You barely miss the kobold. The kobold hits you but does no damage.
You completely miss the kobold. The kobold hits you with a short sword.
You closely miss the kobold. The kobold hits you with a short sword.
* * * LOW HITPOINT WARNING * * *
You are too injured to fight recklessly!
Press: ? - help, Shift-Dir - straight line, f - kobold
Aim: a kobold, wielding a short sword The splash of poison misses the kobold.
You are feeling hungry.
The kobold hits you with a short sword.
* * * LOW HITPOINT WARNING * * *
You hit the kobold. You burn the kobold.
The kobold is heavily wounded.
The kobold closely misses you.
You completely miss the kobold.
The kobold is heavily wounded.
You have got your breath back.
The kobold hits you with a short sword!
You die...

#.......##...#######..
...# #.......##...# .#
....###.###...# .....
..# ###.# ...>. ##
#.### #...#
######.####
+.........(#
########@#.# ......)K#
# ###.#.#.. ...#.##
### #.# #(# #.# #..


You could see a kobold.

Vanquished Creatures
  3 adders (D:2)
  2 oozes (D:1)
  3 giant cockroaches
  6 goblins
  3 hobgoblins (D:1)
  7 jackals
  5 kobolds
  A quokka (D:2)
  6 bats
  A giant newt (D:1)
  5 rats
42 creatures vanquished.

Vanquished Creatures (others)
  A giant cockroach (D:2)
1 creature vanquished.

Grand Total: 43 creatures vanquished

Notes
Turn   | Place    | Note
--------------------------------------------------------------
     0 | D:1      | BabyRage the Naga Hunter began the quest for the Orb.
     0 | D:1      | Reached XP level 1. HP: 19/19 MP: 1/1
   106 | D:1      | Reached XP level 2. HP: 27/27 MP: 2/2
   629 | D:1      | Reached skill level 1 in Maces & Flails
   629 | D:1      | Reached XP level 3. HP: 33/33 MP: 3/3
   978 | D:2      | Reached skill level 4 in Slings
  1162 | D:2      | Found a white marble altar of Elyvilon.
  1171 | D:2      | Reached XP level 4. HP: 35/42 MP: 4/4
  1551 | D:2      | Slain by a kobold

Skill      XL: |  1  2  3  4 |
---------------+-------------+-----
Maces & Flails | 1 2 |  2.2
Slings         | 4 |  4.0
Fighting       | 3 |  3.1
Dodging        | |  1.5
Stealth        | |  1.5

Action                   |  1- 3 |  4- 6 || total
-------------------------+-------+-------++-------
Melee: Whip              |    56 |    38 ||    94
 Fire: Hunting sling     |    15 |       ||    15
Throw: Stone             |       |     1 ||     1
 Abil: Spit Poison       |     4 |     3 ||     7
  Use: Scroll            |     4 |       ||     4
 Stab: Sleeping          |     4 |     1 ||     5
  Eat: Chunk             |       |     1 ||     1
Armor: Leather armour    |    15 |    10 ||    25
Dodge: Dodged            |    31 |    23 ||    54
